 Dungeon Crawl Stone Soup version 0.28.0-1-gb440e238dd (webtiles) character file.

Game seed: 581557840443163303

341 croobank the Firebug (level 6, -5/45 HPs)
             Began as a Draconian Fire Elementalist on Feb 24, 2022.
             Slain by Duvessa (11 damage)
             ... on level 4 of the Dungeon.
             The game lasted 00:16:34 (3978 turns).

croobank the Firebug (Draconian Fire Elementalist)  Turns: 3978, Time: 00:16:35

Health: -5/45      AC:  7    Str: 16    XL:     6   Next: 30%
Magic:  6/10       EV: 12    Int: 23    God:
Gold:   100        SH:  0    Dex: 12    Spells: 4/11 levels left

rFire   . . .      SeeInvis .   a - +0 short sword (holy)
rCold   . . .      Faith    .   (no shield)
rNeg    . . .      Spirit   .   (armour unavailable)
rPois   .          Reflect  .   (helmet restricted)
rElec   .          Harm     .   (no cloak)
rCorr   .          Rampage  .   g - +0 pair of gloves of the Gardener {Str+4}
Will    .....                   (no boots)
Stlth   ++........              (no amulet)
HPRegen 0.15/turn               j - +6 ring of intelligence
MPRegen 0.12/turn               k - ring of wizardry

@: lethally poisoned (-5 -> -32)
A: AC +6, unfitting armour, cold-blooded, strong 1, wild magic 1
a: no special abilities


You were on level 4 of the Dungeon.
You visited 1 branch of the dungeon, and saw 4 of its levels.

You collected 100 gold pieces.

Inventory:

Hand Weapons
 a - a +0 short sword of holy wrath (weapon)
 b - a +0 hunting sling
Missiles
 f - 27 bolts
 p - 188 stones
Armour
 g - the +0 pair of gloves of the Gardener (worn) {Str+4}
   (You acquired it on level 3 of the Dungeon)

   Str:       It affects your strength (+4).
Jewellery
 e - a ring of willpower
 j - a +6 ring of intelligence (left hand)
 k - a ring of wizardry (right hand)
 n - a ring of protection from fire
Scrolls
 h - a scroll of amnesia
 i - a scroll of noise
 l - a scroll of fog
 m - a scroll of immolation
 o - a scroll of enchant armour {unknown}
 q - a scroll of holy word
 r - 2 scrolls of teleportation
 s - a scroll of blinking {unknown}
 t - a scroll of summoning {unknown}
Potions
 c - a potion of curing
 d - a potion of cancellation


   Skills:
 + Level 3.1 Dodging
 + Level 3.3 Stealth
 + Level 3.2 Spellcasting
 + Level 2.8 Conjurations
 + Level 4.1 Fire Magic


You had 4 spell levels left.
You knew the following spells:

 Your Spells              Type           Power      Damage    Failure   Level
a - Foxfire               Conj/Fire      100%       2x1d9     1%          1
b - Scorch                Fire           58%        2d7       2%          2
c - Flame Wave            Conj/Fire      25%        2d7       14%         4

Your spell library contained the following spells:

 Spells                   Type           Power      Damage    Failure   Level
 Shock                    Conj/Air       52%        1d6       4%          1
 Conjure Flame            Conj/Fire      25%        6-21      5%          3
 Summon Small Mammal      Summ           16%        N/A       7%          1
 Inner Flame              Hex/Fire       17%        N/A       9%          3
 Call Canine Familiar     Summ           4%         N/A       19%         3
 Portal Projectile        Hex/Tloc       8%         N/A       19%         3
 Summon Guardian Golem    Hex/Summ       4%         N/A       19%         3
 Swiftness                Air            4%         N/A       19%         3
 Airstrike                Air            2%         N/A       47%         4
 Leda's Liquefaction      Hex/Erth       2%         N/A       47%         4


Dungeon Overview and Level Annotations

Branches:
Dungeon (4/15)
 Temple: D:4-7

Altars:

Shops:
D:4 *

Annotations:
D:4 Dowan, Duvessa


Innate Abilities, Weirdness & Mutations

Your plain brown scales are hard. (AC +6)
You cannot fit into any form of body armour.
You are cold-blooded and may be slowed by cold attacks.
Your muscles are strong. (Str +2)
Your spells are a little harder to cast, but a little more powerful.


Message History

The helpless Dowan fails to defend himself.
You hit Dowan.
Dowan is lightly wounded.
Dowan hits you with a +0 dagger.
You hit Dowan but do no damage.
Dowan is lightly wounded.
Dowan gestures wildly while chanting.
Dowan blinks!
Duvessa shouts!
Duvessa hits you with a +1 short sword of venom!
You are poisoned.
Dowan casts a spell.
Dowan blinks!
You hit Duvessa but do no damage.
You feel very sick.
Duvessa hits you with a +1 short sword of venom.
You are lethally poisoned!
Dowan gestures at you while chanting. The puff of frost hits you.
You hit Duvessa but do no damage.
* * * LOW HITPOINT WARNING * * *
You feel very sick. Duvessa hits you but does no damage.
You are more poisoned.
Casting: Foxfire (safe; 1% risk of failure)
Confirm with . or Enter, or press ? or * to list all spells.
The spell is quite dangerous to miscast (14% risk of failure)!
Continue anyway? [Y]es or [N]o only, please.
The spell is quite dangerous to miscast (14% risk of failure)!
Continue anyway?
Casting: Flame Wave (quite dangerous; 14% risk of failure)
Press: ? - help, Dir - look around, f - activate A wave of flame ripples out!
The flame wave engulfs Dowan.
Dowan is heavily wounded.
The flame wave engulfs Duvessa!
Duvessa is moderately wounded. (Press . to intensify the flame waves.)
* * * LOW HITPOINT WARNING * * *
You feel extremely sick.
Duvessa hits you with a +1 short sword of venom!
You die...

#.# #.. #+ ##. #.# ##
#.# # ##.## # # ##...##
# # .##########..... # #
.......e@e.....# # #
######.###.#..##########
# #.# #.#..##........ #
#.# #.......####### #.#
###..#### #.#####..#
#........# #
#################.## #
#........# #.# ##


You could see Duvessa and Dowan.

Vanquished Creatures
  A bullfrog (D:3)
  A scorpion (D:4)
  A bullfrog zombie (D:3)
  Terence (D:3)
  Natasha (D:4)
  Robin (D:2)
  3 adders
  A worm (D:2)
  A dart slug (D:1)
  2 orcs (D:3)
  5 ball pythons
  11 bats
  9 endoplasms
  3 giant cockroaches
  13 goblins
  7 hobgoblins
  8 jackals
  7 kobolds
  2 frilled lizards (D:1)
  10 rats
88 creatures vanquished.

Vanquished Creatures (others)
  A bat (D:1)
  142 foxfires
143 creatures vanquished.

Grand Total: 231 creatures vanquished

Notes
Turn   | Place    | Note
-------+----------+-------------------------------------------
     0 | D:1      | croobank the Draconian Fire Elementalist began the quest
                  | for the Orb.
     0 | D:1      | Reached XP level 1. HP: 14/14 MP: 3/3
   233 | D:1      | Reached XP level 2. HP: 20/20 MP: 1/5
   236 | D:1      | Learned a level 2 spell: Scorch
   812 | D:1      | Reached XP level 3. HP: 23/26 MP: 2/6
  1410 | D:2      | Found a faded altar of an unknown god.
  1550 | D:2      | Noticed Terence
  1551 | D:2      | Noticed Robin
  1897 | D:4      | Reached XP level 4. HP: 33/33 MP: 5/7
  1902 | D:4      | Learned a level 4 spell: Flame Wave
  1939 | D:4      | Noticed Duvessa
  2152 | D:3      | Noticed a bullfrog
  2166 | D:3      | Killed a bullfrog
  2167 | D:3      | Reached XP level 5. HP: 19/38 MP: 2/9
  2409 | D:3      | Identified a scroll of acquirement
  2409 | D:3      | Acquired the +0 pair of gloves of the Gardener {Str+4}
  2494 | D:3      | Gained mutation: Your muscles are strong. (Str +2) [potion
                  | of mutation]
  2494 | D:3      | Gained mutation: Your spells are a little harder to cast,
                  | but a little more powerful. [potion of mutation]
  2876 | D:3      | Killed Terence
  3146 | D:2      | Killed Robin
  3147 | D:2      | Reached skill level 4 in Fire Magic
  3529 | D:4      | Noticed Natasha
  3535 | D:4      | Killed Natasha
  3536 | D:4      | Reached XP level 6. HP: 45/45 MP: 4/10
  3788 | D:4      | Found Iteupez's Neck Hole.
  3967 | D:4      | Noticed Dowan
  3978 | D:4      | Slain by Duvessa

Illustrated notes

Levels and vault maps discovered:
D:1:      lemuel_arrival_hallway, layout_loops_cross, minmay_split_cup_large
D:2:      layout_rooms, hellmonk_ecumenical_altar_blasted, uniq_robin,
          uniq_terence
D:3:      layout_basic, kennysheep_doodads
D:4:      layout_loops_corners, nicolae_shop_sticking_my_neck_out, uniq_natasha,
          uniq_duvessa, uniq_grinder

Skill      XL: |  1  2  3  4  5 |
---------------+----------------+-----
Stealth        | 2 3 |  3.3
Dodging        | 2 3 |  3.1
Conjurations   | 2 |  2.8
Spellcasting   | 3 |  3.2
Fire Magic     | 4 |  4.1

Action                   |  1- 3 |  4- 6 || total
-------------------------+-------+-------++-------
Melee: Unarmed           |    25 |       ||    25
       Tailslap          |     7 |     6 ||    13
       Short sword       |    38 |    33 ||    71
       Punch             |     1 |     1 ||     2
 Cast: Foxfire           |    57 |    30 ||    87
       Scorch            |     8 |    10 ||    18
       Flame Wave        |       |     2 ||     2
  Use: Scroll            |     3 |     6 ||     9
       Potion            |       |     3 ||     3
 Stab: Sleeping          |       |     2 ||     2
Armor: Skin              |    29 |    18 ||    47
Dodge: Dodged            |    62 |    35 ||    97
